 Dungeon Crawl Stone Soup version 0.19-a0-1697-g0595f0e (webtiles) character file.

28491 FrankyJ the Warrior (level 13, 0/133 HPs)
             Began as a Minotaur Fighter on Sept 26, 2016.
             Was the Champion of Jiyva.
             Slain by a hill giant
             ... wielding a cursed -3 giant club
              (11 damage)
             ... on level 14 of the Dungeon on Sept 27, 2016.
             The game lasted 00:50:03 (12719 turns).

FrankyJ the Warrior (Minotaur Fighter)             Turns: 12719, Time: 00:50:05

Health: 0/133      AC: 16    Str: 33    XL:     13   Next: 10%
Magic:  21/21      EV:  2    Int:  9    God:    Jiyva [******]
Gold:   484        SH:  0    Dex: 17    Spells: 1 memorised, 10 levels left

rFire  . . .     SeeInvis .     C - +7 flail "Buoseq" {flame, MP+9 Str+4}
rCold  . . .     Gourm    .     p - +1 plate armour
rNeg   + + +     Faith    .     c - +0 shield
rPois  ∞         Spirit   .     (helmet unavailable)
rElec  .         Dismiss  .     T - +0 cloak
rCorr  +         Reflect  .     G - +1 pair of gloves
MR     .....     Harm     .     s - +0 pair of boots
Stlth  ..........               S - amulet "Qeelig" {+Rage Str+3}
                                X - +3 ring of dexterity
                                I - +6 ring of dexterity

@: petrified
A: retaliatory headbutt, claws 1, horns 3, repulsion field 1, strong 1, wild
magic 1, pseudopods 1, tendrils
a: Request Jelly, Jelly Paralyse, Slimify, Cure Bad Mutation, Renounce Religion,
Evoke Berserk Rage


You were on level 14 of the Dungeon.
You worshipped Jiyva.
Jiyva was exalted by your worship.
You were completely stuffed.

You visited 3 branches of the dungeon, and saw 19 of its levels.

You collected 589 gold pieces.
You spent 105 gold pieces at shops.

Inventory:

Hand Weapons
 C - the +7 flail "Buoseq" (weapon) {flame, MP+9 Str+4}
   (You found it on level 4 of the Dungeon)

   It has been specially enchanted to burn those struck by it, causing extra
   injury to most foes and up to half again as much damage against particularly
   susceptible opponents.
   It affects your strength (+4).
   It affects your magic capacity (+9).
Missiles
 n - 2 poisoned tomahawks
 E - 5 javelins (quivered)
Armour
 c - a +0 shield (worn)
 p - a +1 plate armour (worn)
 s - a +0 pair of boots (worn)
 G - a +1 pair of gloves (worn)
 L - a fire dragon hide
 R - a +1 hat
 T - a +0 cloak (worn)
 U - a +0 leather armour
Magical Staves
 B - an uncursed staff of energy
 Q - an uncursed staff of power
Jewellery
 w - a +3 ring of evasion
 z - an uncursed ring of protection from cold
 I - a +6 ring of dexterity (left hand)
 M - an uncursed ring of stealth
 P - an uncursed ring of flight
 S - the amulet "Qeelig" (around neck) {+Rage Str+3}
   (You acquired it on level 12 of the Dungeon)

   [amulet of rage]

   It affects your strength (+3).
   It lets you go berserk.
 X - a +3 ring of dexterity (right hand)
Wands
 l - a wand of iceblast (3/15)
 q - a wand of iceblast (0/15)
 v - a wand of slowing (15/48)
 D - a wand of enslavement (0/24)
Scrolls
 b - 2 scrolls of magic mapping
 k - a scroll of blinking
 u - 2 scrolls of remove curse
 J - 2 scrolls of fear
Potions
 a - a potion of haste
 d - a potion of might
 e - 2 potions of curing
 g - a potion of brilliance {unknown}
 h - a potion of heal wounds
 i - 6 potions of flight
 t - 2 potions of berserk rage
 F - a potion of agility {unknown}
 H - 2 potions of magic
 K - a potion of cancellation {unknown}
 O - 2 potions of mutation {unknown}
Books
 y - the Volume of Warped Venom
   (You found it on level 5 of the Dungeon)

   Spells                             Type                      Level
   a - Apportation                    Translocation                1
   b - Blink                          Translocation                2
   c - Ignite Poison                  Fire/Transmutation/Poison    3
   d - Spider Form                    Transmutation/Poison         3
   e - Olgreb's Toxic Radiance        Poison                       4
   f - Malign Gateway                 Summoning/Translocation      7
 A - a book of Party Tricks

   Spells                             Type                      Level
   a - Summon Butterflies             Summoning                    1
   b - Apportation                    Translocation                1
   c - Tukima's Dance                 Hexes                        3
   d - Alistair's Intoxication        Transmutation/Poison         5
   e - Invisibility                   Hexes                        6
Miscellaneous
 N - a disc of storms
Comestibles
 f - 4 bread rations
 j - 10 royal jellies
 m - 6 beef jerkies
 o - 5 meat rations
 r - a slice of pizza
 x - 3 fruits
 W - 4 chunks of flesh


   Skills:
 * Level 17.4 Fighting
   Level 3.5 Long Blades
 - Level 6.0 Maces & Flails
 - Level 4.0 Throwing
 + Level 9.4 Armour
 + Level 10.4 Dodging
 - Level 10.2 Shields
 + Level 2.5 Translocations


You had 10 spell levels left.
You knew the following spells:

 Your Spells              Type           Power        Failure   Level  Hunger
a - Blink                 Tloc           N/A          100%        2    ###....


Dungeon Overview and Level Annotations

Branches:
Dungeon (15/15)            Temple (1/1) D:4            Lair (3/6) D:11
 Shoals (0/4) Lair:3       Spider (0/4) Lair:2          Orc (0/2) D:10
 Vaults: D:13-14     Depths: D:15

Altars:
Ashenzari
Cheibriados
Fedhas
Gozag
Hepliaklqana
Kikubaaqudgha
Makhleb
Nemelex Xobeh
Okawaru
Qazlal
Ru
Sif Muna
Uskayaw
Vehumet
Xom
Yredelemnul
The Shining One
Beogh
Jiyva

Shops:
D:4 ?

Portals:
Trove: D:10 (give +8 demon whip)


Innate Abilities, Weirdness & Mutations

You reflexively headbutt those who attack you in melee.
You have a pair of large horns on your head.
You have sharp fingernails.
You are surrounded by a mild repulsion field. (EV +2)
Your muscles are strong. (Str +2)
Your spells are a little harder to cast, but a little more powerful.
Armour fits poorly on your pseudopods.
You are covered in slimy tendrils that may disarm your opponents.


Message History

You furiously retaliate!
You headbutt the hill giant, but do no damage.
The catoblepas breathes a plume of calcifying dust at you.
The blast of calcifying dust hits you!
You have turned to stone.
You are engulfed in calcifying dust.
The hill giant completely misses you.
The catoblepas breathes a plume of calcifying dust at you.
The blast of calcifying dust hits you! The catoblepas gores you!!
The hill giant hits you with a giant club.
The catoblepas gores you!!
The hill giant hits you with a giant club!
The catoblepas gores you!!
* * * LOW HITPOINT WARNING * * *
The hill giant hits you with a giant club!!
* * * LOW HITPOINT WARNING * * *
The catoblepas gores you but does no damage.
The catoblepas gores you!!
* * * LOW HITPOINT WARNING * * *
The hill giant hits you with a giant club!!
You die...

###.......## .....
##.........J## ....
#......J.....##..#
##.............#.#
##................#
#.................#
##...............#.# .#
#...........Y...##..#
..##..........@C........#
#..#................###..#
#................#### #..#
#..............## ....
#.............# ... ##
##...........## .##
##.........## [.###
#..#....###
....###.#######


You could see a catoblepas, a hill giant and 2 neutral jellies (fellow slime).

Vanquished Creatures
  Gastronok (Lair:2)
  Fannar (Lair:2)
  2 hydras
  Erica (D:7)
  The ghost of plaidmage the Martial Artist, a novice DsMo of Fedhas (D:11)
  The ghost of EatSomeMorePills the Fighter, a novice MiBe of Trog (D:5)
  Pikel (D:4)
  2 hill giants
  2 ugly things
  A deep elf mage (D:12)
  2 manticores (D:12)
  A centaur zombie (D:13)
  A cyclops (D:14)
  An ice statue (D:11)
  2 black mambas (Lair:3)
  2 gargoyles
  7 spiny frogs
  A centaur skeleton (D:13)
  3 yaktaurs (D:14)
  A rime drake (Lair:3)
  3 komodo dragons
  A troll (D:13)
  2 jumping spiders (Lair:2)
  Grinder (D:4)
  7 blink frogs (Lair:3)
  6 hippogriffs
  A redback (Lair:2)
  A tarantella (shapeshifter) (D:13)
  4 wraiths (D:10)
  15 yaks
  2 wyverns
  3 hungry ghosts
  2 basilisks
  3 vampire mosquitoes (D:12)
  A mottled dragon (D:11)
  2 water moccasins
  2 soldier ants (D:8)
  2 porcupines
  5 orc warriors
  2 slaves (D:4)
  A necrophage (D:7)
  3 ice beasts
  2 sky beasts (D:5)
  2 phantoms
  7 ogres
  A wolf (Lair:1)
  4 crocodiles
  3 centaurs
  3 big kobolds
  9 bullfrogs
  A water moccasin skeleton (D:4)
  5 scorpions
  3 wights (D:11)
  3 killer bees (D:11)
  A bullfrog zombie (D:9)
  4 crimson imps
  4 orc priests
  3 bullfrog skeletons
  5 hounds
  2 iguanas
  10 orc wizards
  7 worker ants
  A killer bee zombie (D:9)
  A hound skeleton (D:4)
  4 gnolls (D:3)
  30 river rats
  11 adders
  2 shadow imps
  2 oozes
  An adder zombie (D:8)
  5 worms
  2 dart slugs (D:1)
  4 leopard geckos
  48 orcs
  5 bats
  5 giant cockroaches
  8 goblins
  3 hobgoblins
  14 jackals
  18 kobolds
  2 quokkas
  A ball python (D:1)
  5 frilled lizards
  14 rats
368 creatures vanquished.

Vanquished Creatures (collateral kills)
  A quokka skeleton (D:4)
1 creature vanquished.

Vanquished Creatures (others)
  Josephine (D:10)
  A fire dragon (Lair:1)
  Sonja (Lair:2)
  A deep elf mage (D:13)
  A cyclops (D:10)
  A centaur skeleton (D:12)
  A spiny frog (Lair:3)
  A blink frog (Lair:3)
  A yak (Lair:2)
  An orc warrior (D:9)
  A slave (D:4)
  A necrophage (D:5)
  An ice beast (D:5)
  A sky beast (D:13)
  A centaur (D:5)
  A wolf (Lair:3)
  2 bullfrogs
  A killer bee (D:13)
  62 jellies
  2 wights (D:11)
  3 howler monkeys (D:11)
  2 crimson imps
  A centaur zombie (D:5)
  2 quasits
  A bullfrog skeleton (D:5)
  A hound (D:6)
  3 orc wizards
  4 orc priests
  3 iguanas
  3 worker ants
  A howler monkey zombie (D:9)
  3 river rats (Lair:3)
  2 adders
  A shadow imp (D:6)
  An adder skeleton (D:6)
  A leopard gecko (D:10)
  4 orcs
  A giant cockroach (D:5)
  2 kobolds
  A frilled lizard (D:5)
  A bush (Lair:3)
  5 fungi
  3 plants
132 creatures vanquished.

Grand Total: 501 creatures vanquished

Notes
Turn   | Place    | Note
-------+----------+-------------------------------------------
     0 | D:1      | FrankyJ the Minotaur Fighter began the quest for the Orb.
     0 | D:1      | Reached XP level 1. HP: 19/19 MP: 0/0
    98 | D:1      | Reached XP level 2. HP: 27/27 MP: 1/1
   314 | D:1      | Reached skill level 4 in Fighting
   577 | D:2      | Reached XP level 3. HP: 29/33 MP: 2/2
  1416 | D:3      | Reached skill level 1 in Dodging
  1416 | D:3      | Reached XP level 4. HP: 31/41 MP: 3/3
  2040 | D:4      | Reached XP level 5. HP: 37/47 MP: 4/4
  2046 | D:4      | Got a polished flail
  2054 | D:3      | Identified the +7 flail "Buoseq" {flame, MP+9 Str+4} (You found it on level 4 of the Dungeon)
  2263 | D:4      | Reached skill level 5 in Armour
  2305 | D:4      | Reached skill level 5 in Fighting
  2353 | D:4      | Reached skill level 1 in Maces & Flails
  2377 | D:4      | Noticed Grinder
  2386 | D:4      | Killed Grinder
  2386 | D:4      | Reached XP level 6. HP: 53/57 MP: 5/5
  2393 | D:4      | Found a staircase to the Ecumenical Temple.
  2407 | Temple   | Entered the Ecumenical Temple
  2424 | Temple   | Became a worshipper of Jiyva Jaxum the Shapeless
  2494 | D:4      | Reached XP level 7. HP: 62/62 MP: 6/6
  2537 | D:4      | Found Zatin Nui's Magic Scroll Shoppe.
  2546 | D:4      | Bought a scroll of enchant armour for 105 gold pieces
  2602 | D:4      | Noticed Pikel
  2643 | D:4      | Killed Pikel
  2643 | D:4      | Reached skill level 6 in Fighting
  2643 | D:4      | Reached XP level 8. HP: 69/71 MP: 7/7
  2694 | D:4      | Found a snail-covered altar of Cheibriados.
  2735 | D:4      | Found a sacrificial altar of Ru.
  2741 | D:4      | Found a basalt altar of Yredelemnul.
  2742 | D:4      | Found a snail-covered altar of Cheibriados.
  2743 | D:4      | Found a hide-covered altar of Uskayaw.
  2868 | D:5      | Entered Level 5 of the Dungeon
  2868 | D:5      | Noticed EatSomeMorePills's ghost (novice MiBe)
  2888 | D:5      | Killed EatSomeMorePills's ghost
  2888 | D:5      | Reached skill level 7 in Fighting
  2888 | D:5      | Reached skill level 5 in Maces & Flails
  2888 | D:5      | Reached skill level 5 in Dodging
  2903 | D:5      | Identified the Volume of Warped Venom
  3135 | D:5      | Reached * piety under Jiyva
  3202 | D:5      | Found a shattered altar of Ashenzari.
  3202 | D:5      | Found an ancient bone altar of Kikubaaqudgha.
  3293 | D:5      | Reached ** piety under Jiyva
  3639 | D:5      | Reached *** piety under Jiyva
  4034 | D:6      | Gained mutation: You are resistant to hostile enchantments. (MR+) [Jiyva's grace]
  4121 | D:6      | Reached XP level 9. HP: 67/81 MP: 8/8
  4127 | D:6      | Reached **** piety under Jiyva
  4141 | D:6      | Gained mutation: Your spells are a little harder to cast, but a little more powerful. [Jiyva's grace]
  4161 | D:6      | Reached skill level 8 in Fighting
  4462 | D:6      | Found a sparkling altar of Nemelex Xobeh.
  4466 | D:6      | Found an opulent altar of Gozag.
  4622 | D:7      | Reached ***** piety under Jiyva
  4642 | D:7      | Gained mutation: You are dopey. (Int -2) [Jiyva's grace]
  4932 | D:7      | Found a blossoming altar of Fedhas.
  4933 | D:7      | Found a radiant altar of Vehumet.
  5225 | D:7      | Learned a level 2 spell: Blink
  5258 | D:8      | Reached skill level 9 in Fighting
  5258 | D:8      | Reached skill level 1 in Throwing
  5273 | D:8      | Noticed Erica
  5286 | D:7      | Killed Erica
  5286 | D:7      | Reached skill level 10 in Fighting
  5448 | D:8      | Found a glowing golden altar of the Shining One.
  5579 | D:8      | Reached skill level 11 in Fighting
  5610 | D:8      | Reached XP level 10. HP: 95/95 MP: 9/9
  5708 | D:8      | Gained mutation: Your muscles are strong. (Str +2) [Jiyva's grace]
  5936 | D:9      | Found a roughly hewn altar of Beogh.
  6025 | D:9      | Lost mutation: Your muscles are strong. (Str +2) [Jiyva's grace]
  6028 | D:9      | Lost mutation: Your spells are a little harder to cast, but a little more powerful. [Jiyva's grace]
  6029 | D:9      | Reached ****** piety under Jiyva
  6241 | D:9      | Lost mutation: You are dopey. (Int -2) [Jiyva's grace]
  6393 | D:10     | Entered Level 10 of the Dungeon
  6451 | D:10     | Noticed a hill giant
  6456 | D:10     | Killed a hill giant
  6456 | D:10     | Reached skill level 12 in Fighting
  6456 | D:10     | Reached skill level 5 in Shields
  6593 | D:10     | Noticed a gargoyle
  6609 | D:10     | Lost mutation: You are resistant to hostile enchantments. (MR+) [Jiyva's grace]
  6617 | D:10     | Killed a gargoyle
  6796 | D:10     | Killed a cyclops
  6798 | D:10     | Gained mutation: Your flesh is cold resistant. (rC+) [Jiyva's grace]
  6857 | D:10     | Noticed Josephine
  6868 | D:10     | Your ally died
  6868 | D:10     | Reached skill level 13 in Fighting
  7093 | D:10     | Found a portal to a secret trove of treasure.
  7326 | D:10     | Found a staircase to the Orcish Mines.
  7514 | D:10     | Reached XP level 11. HP: 106/108 MP: 10/10
  7654 | D:11     | Noticed a hill giant
  7665 | D:11     | Killed a hill giant
  7665 | D:11     | Reached skill level 14 in Fighting
  7694 | D:11     | Gained mutation: Your muscles are strong. (Str +2) [Jiyva's grace]
  7894 | D:11     | Noticed plaidmage's ghost (novice DsMo)
  7914 | D:11     | Killed plaidmage's ghost
  7918 | D:11     | Found a staircase to the Lair.
  7928 | Lair:1   | Entered Level 1 of the Lair of Beasts
  7978 | Lair:1   | Noticed a five-headed hydra
  7984 | Lair:1   | Killed a five-headed hydra
  8276 | Lair:1   | Noticed a fire dragon
  8595 | Lair:1   | Lost mutation: Your muscles are strong. (Str +2) [Jiyva's grace]
  8908 | Lair:1   | Killed a fire dragon
  9099 | Lair:2   | Noticed Fannar
  9109 | Lair:2   | Killed Fannar
  9109 | Lair:2   | Reached skill level 15 in Fighting
  9289 | Lair:2   | Gained mutation: You have sharp fingernails. [Jiyva's grace]
  9352 | Lair:2   | Found a hole to the Spider Nest.
  9373 | Lair:2   | Noticed Gastronok
  9388 | Lair:2   | Killed Gastronok
  9388 | Lair:2   | Reached XP level 12. HP: 116/122 MP: 11/11
  9494 | Lair:2   | Killed Sonja
  9606 | Lair:2   | Reached skill level 16 in Fighting
  9680 | Lair:2   | Lost mutation: Your flesh is cold resistant. (rC+) [Jiyva's grace]
 10199 | Lair:3   | Reached skill level 10 in Shields
 10215 | Lair:3   | Gained mutation: Your spells are a little harder to cast, but a little more powerful. [Jiyva's grace]
 10333 | Lair:3   | HP: 2/124 [spiny frog (6)]
 10353 | Lair:3   | Reached skill level 1 in Translocations
 10631 | Lair:3   | Found a staircase to the Shoals.
 11048 | Lair:3   | Gained mutation: You are covered in slimy tendrils that may disarm your opponents. [Jiyva's grace]
 11883 | D:12     | Identified a scroll of acquirement
 11884 | D:12     | Got a brightly glowing pewter amulet
 11924 | D:12     | Reached skill level 17 in Fighting
 11924 | D:12     | Reached skill level 10 in Dodging
 11973 | D:12     | Gained mutation: You have a pair of large horns on your head. [Jiyva's grace]
 11985 | D:12     | Identified the amulet "Qeelig" {+Rage Str+3} (You acquired it on level 12 of the Dungeon)
 12152 | D:12     | Noticed an eight-headed hydra
 12159 | D:12     | Killed an eight-headed hydra
 12205 | D:12     | Gained mutation: Armour fits poorly on your pseudopods. [Jiyva's grace]
 12411 | D:13     | Reached XP level 13. HP: 132/132 MP: 12/12
 12492 | D:13     | Gained mutation: Your muscles are strong. (Str +2) [mutagenic meat]
 12566 | D:14     | Gained mutation: You are surrounded by a mild repulsion field. (EV +2) [Jiyva's grace]
 12629 | D:15     | Entered Level 15 of the Dungeon
 12719 | D:14     | Slain by a hill giant

Vault maps used:
D:1:      roderic_crop_circles_arrival_small
D:2:      first_bread
D:4:      minitemple, serial_shops, nicolae_shop_waterfront,
          cheibriados_altar_wand_db, uniq_pikel, uniq_grinder
D:5:      wad_lake_hut, gammafunk_temple_overflow_elements
D:6:      grunt_temple_overflow_opulence, kennysheep_generic_room_12
D:7:      grunt_temple_overflow_open
D:8:      hangedman_pestilent_swarm, tso_metal_star, uniq_erica
D:10:     orc_0_dummy, enter_trove_3, uniq_josephine
D:11:     lair_0_dummy, minivault_16
D:12:     lightli_fourway_metalbox
D:13:     david_vaults_4
D:14:     serial_glass, glass_columns_a, glass_columns_a
D:15:     hangedman_depths_entry_try_elsewhere_first, nicolae_water_bricks,
          nicolae_gozag_seed_capital
Temple:   pf_slimified_temple
Lair:1:   dragon1_lemuel, beast_lair_carwin_4, infiniplex_staircase_pool_2
Lair:2:   spider_nest_entry_a, bh_autumn_forest_stairs, uniq_sonja,
          uniq_gastronok, uniq_fannar
Lair:3:   shoals_dummy_entry, minivault_24, minmay_holes, beast_lair_carwin_8

Skill      XL: |  1  2  3  4  5  6  7  8  9 10 11 12 |
---------------+-------------------------------------+-----
Fighting       | 4 5 6 7 11 13 15 17 | 17.4
Armour         | 4 5 6 8 9 |  9.4
Long Blades    | 3 |  3.5
Shields        | 4 7 9 10 | 10.2
Dodging        | 1 3 4 6 7 8 10 | 10.4
Maces & Flails | 2 4 6 |  6.0
Throwing       | 3 4 |  4.0
Translocations | 2 |  2.5

Action                   |  1- 3 |  4- 6 |  7- 9 | 10-12 | 13-15 || total
-------------------------+-------+-------+-------+-------+-------++-------
Melee: Long sword        |   106 |       |       |       |       ||   106
       Headbutt          |    18 |    19 |    35 |   155 |     9 ||   236
       Scimitar          |    17 |    59 |       |       |       ||    76
       Flail             |       |    28 |   179 |   594 |    26 ||   827
       Pseudopods        |       |       |       |    10 |    12 ||    22
Throw: Javelin           |       |       |     5 |       |       ||     5
Invok: Request Jelly     |       |       |     3 |     4 |       ||     7
       Cure Bad Mutation |       |       |       |     1 |       ||     1
 Abil: Evoke Flight      |       |       |       |     1 |       ||     1
Evoke: Wand              |       |       |     3 |     3 |       ||     6
  Use: Scroll            |       |     1 |    11 |    11 |     1 ||    24
       Potion            |       |       |       |     3 |       ||     3
 Stab: Distracted        |       |       |       |     1 |       ||     1
  Eat: Chunk             |     2 |     3 |     4 |       |     3 ||    12
Armor: Scale mail        |    47 |    26 |    45 |    11 |       ||   129
       Plate armour      |       |       |       |   223 |     8 ||   231
Dodge: Dodged            |    37 |    36 |    94 |   313 |    11 ||   491
Block: Shield            |    51 |    46 |    75 |   420 |    20 ||   612
